 Dungeon Crawl Stone Soup version 0.20-a0-640-g62ed22f (webtiles) character file.

2906 penismuncher the Martial Artist (level 9, 0/56 HPs)
             Began as an Octopode Monk on Feb 12, 2017.
             Slain by Maurice
             ... wielding a +3 short sword of venom
              (9 damage)
             ... on level 8 of the Dungeon.
             The game lasted 00:05:03 (5871 turns).

penismuncher the Martial Artist (Octopode Monk)     Turns: 5871, Time: 00:05:03

Health: 0/56       AC:  2    Str: 10 (11) XL:     9   Next: 78%
Magic:  9/9        EV: 14    Int: 11 (12) God:
Gold:   0          SH:  0    Dex: 17      Spells: 8/8 levels left

rFire    + . .     SeeInvis .     - Unarmed
rCold    x . .     Gourm    .   (no shield)
rNeg     . . .     Faith    .   f - +1 hat
rPois    .         Spirit   .   (no amulet)
rElec    .         Reflect  .   q - ring of fire
rCorr    .         Harm     .   (no ring)
MR       .....     Clarity  +   (no ring)
Stlth    +++.......             (no ring)
Regen    1.0/turn               (no ring)
MPRegen  0.2/turn               (no ring)
                                (no ring)
                                (no ring)

@: lethally poisoned (0 -> -10), very slightly contaminated, invisible
(expiring)
A: almost no armour, stealthy swim, amphibious, 8 rings, constrict 8, camouflage
1, clarity, deterioration 1, regeneration 2, gelatinous body 1
a: no special abilities


You were on level 8 of the Dungeon.
You were hungry.

You visited 2 branches of the dungeon, and saw 9 of its levels.

Inventory:

Armour
 f - a +1 hat (worn)
 w - the +0 pair of gloves of the Swamp {rPois, unknown}
   (You found it on level 4 of the Dungeon)

   It protects you from poison.
Jewellery
 q - a ring of fire (left tentacle)
 s - an uncursed ring of wizardry {unknown}
 D - an uncursed ring of poison resistance {unknown}
Wands
 x - a wand of enslavement (7/24)
Scrolls
 c - 7 scrolls of teleportation {unknown}
 d - 12 scrolls of identify {unknown}
 i - 2 scrolls of enchant weapon {unknown}
 k - 4 scrolls of fog {unknown}
 n - a scroll of enchant armour {unknown}
 o - 3 scrolls of remove curse {unknown}
 r - a scroll of random uselessness {unknown}
 t - 2 scrolls of fear {unknown}
 v - 2 scrolls of amnesia {unknown}
Potions
 b - a potion of lignification
 e - a potion of cancellation {unknown}
 g - a potion of resistance
 j - 3 potions of might
 l - 2 potions of mutation
 m - a potion of flight {unknown}
 u - 2 potions of curing {unknown}
 A - 2 potions of heal wounds {unknown}
 F - a potion of brilliance {unknown}
 G - a potion of berserk rage {unknown}
Comestibles
 a - 8 bread rations
 h - 5 meat rations
 p - 2 royal jellies
 z - 10 fruits
 E - 3 chunks of flesh


   Skills:
 - Level 3.0 Fighting
 - Level 3.0 Dodging
 - Level 2.6 Stealth
 + Level 13.1 Unarmed Combat


You had 8 spell levels left.
You didn't know any spells.

Dungeon Overview and Level Annotations

Branches:
Dungeon (8/15)             Temple (1/1) D:6
   Lair: D:8-11

Altars:
Cheibriados
Dithmenos
Elyvilon
Fedhas
Gozag
Hepliaklqana
Kikubaaqudgha
Makhleb
Okawaru
Qazlal
Sif Muna
Trog
Uskayaw
Vehumet
Xom
Yredelemnul
Zin
The Shining One

Annotations:
D:8 Maurice


Innate Abilities, Weirdness & Mutations

You cannot wear most types of armour.
You are very stealthy in the water. (Stealth+)
You are amphibious.
You can wear up to eight rings at the same time.
You can use your tentacles to constrict eight enemies at once.
Your skin changes colour to match your surroundings (Stealth+).
Your rubbery body absorbs attacks. (AC +1, EV +1)
You possess an exceptional clarity of mind.
Your body sometimes deteriorates upon taking damage.
You heal very quickly.


Message History

You bludgeon something!
You feel sick.
You feel very sick.
You feel sick.
You flicker for a moment.
You feel very sick.
You feel sick.
Okay, then.
You feel sick.
Found a stone staircase leading up.
You feel sick.
You bludgeon something! Your squeeze misses something.
You feel sick. Something hits you!
* * * LOW HITPOINT WARNING * * *
Your body deteriorates!
You feel weakened. Something steals all your gold!
You are lethally poisoned!
You miss something. You tentacle-slap something.
* * * LOW HITPOINT WARNING * * *
You feel sick. Something hits you!
You die...

#. #....##. #. #....#.
#. ##.....# #. #......
#. ####.....## ##.
..........# #..
#.......## #..
##....@...# #..
#.........## ##..
#...........# #...
............# #...
............#########..#
.......................#
.<........(............#
.......................#
....##..........>.##...


There were no monsters in sight!

Vanquished Creatures
  Joseph (D:7)
  The ghost of Glaeka the Shooter, an amateur DrAM (D:6)
  Grinder (D:5)
  Duvessa (D:6)
  3 orc warriors
  A black bear (D:7)
  3 ogres
  A centaur (D:6)
  The ghost of penismuncher the Insei, an amateur OpMo (D:3)
  A bullfrog (D:6)
  Dowan (D:6)
  5 wights (D:6)
  A howler monkey (D:4)
  3 crimson imps
  2 centaur skeletons
  3 orc priests
  A bullfrog zombie (D:5)
  2 hounds
  2 bullfrog skeletons (D:5)
  5 orc wizards
  3 worker ants
  2 hound zombies
  Robin (D:3)
  8 gnolls (D:7)
  8 adders
  An ooze (D:5)
  3 dart slugs
  8 leopard geckos
  19 orcs
  7 giant cockroaches
  16 goblins
  6 hobgoblins
  8 jackals
  2 quokkas
  10 bats
  3 frilled lizards
  16 kobolds
  A leopard gecko skeleton (D:7)
  4 rats
  A plant (D:3)
166 creatures vanquished.

Notes
Turn   | Place    | Note
-------+----------+-------------------------------------------
     0 | D:1      | penismuncher the Octopode Monk began the quest for the Orb.
     0 | D:1      | Reached XP level 1. HP: 16/16 MP: 1/1
    93 | D:1      | Reached XP level 2. HP: 15/21 MP: 2/2
   454 | D:1      | Reached skill level 4 in Unarmed Combat
   641 | D:2      | Reached XP level 3. HP: 26/26 MP: 3/3
  1238 | D:3      | Reached XP level 4. HP: 20/31 MP: 4/4
  1299 | D:3      | Noticed Robin
  1316 | D:3      | Reached skill level 5 in Unarmed Combat
  1342 | D:3      | HP: 1/31 [goblin/club[Robin] (4)]
  1347 | D:3      | Gained mutation: Your natural rate of healing is unusually fast. [potion of mutation]
  1347 | D:3      | Gained mutation: You possess an exceptional clarity of mind. [potion of mutation]
  1347 | D:3      | Gained mutation: Your body sometimes deteriorates upon taking damage. [potion of mutation]
  1347 | D:3      | Gained mutation: You heal very quickly. [potion of mutation]
  1420 | D:3      | Noticed penismuncher's ghost (amateur OpMo)
  1432 | D:3      | Killed penismuncher's ghost
  1432 | D:3      | Reached XP level 5. HP: 26/36 MP: 5/5
  1542 | D:3      | Killed Robin
  1542 | D:3      | Reached skill level 6 in Unarmed Combat
  1820 | D:3      | Reached XP level 6. HP: 37/42 MP: 6/6
  2679 | D:4      | Reached skill level 7 in Unarmed Combat
  3068 | D:4      | Got a pair of crude gloves
  3185 | D:5      | Entered Level 5 of the Dungeon
  3204 | D:5      | Reached XP level 7. HP: 36/46 MP: 7/7
  3581 | D:5      | Reached skill level 8 in Unarmed Combat
  3630 | D:5      | Got a smoking dagger
  3638 | D:5      | Noticed Grinder
  3649 | D:5      | Paralysed by Grinder for 6 turns
  3665 | D:5      | Killed Grinder
  3935 | D:5      | Reached skill level 9 in Unarmed Combat
  4016 | D:5      | Reached XP level 8. HP: 42/52 MP: 8/8
  4030 | D:6      | Noticed Dowan
  4031 | D:6      | Noticed Duvessa
  4039 | D:6      | Killed Dowan
  4045 | D:6      | Killed Duvessa
  4099 | D:6      | Reached skill level 10 in Unarmed Combat
  4302 | D:6      | Found a shimmering altar of Xom.
  4302 | D:6      | Found a bloodstained altar of Trog.
  4336 | D:6      | Found a staircase to the Ecumenical Temple.
  4341 | D:6      | Reached skill level 11 in Unarmed Combat
  4442 | D:6      | Noticed Glaeka's ghost (amateur DrAM)
  4497 | D:6      | Reached XP level 9. HP: 52/56 MP: 9/9
  4511 | D:6      | Killed Glaeka's ghost
  4666 | Temple   | Entered the Ecumenical Temple
  5083 | D:6      | Reached skill level 12 in Unarmed Combat
  5371 | D:7      | Noticed Joseph
  5381 | D:7      | Killed Joseph
  5577 | D:7      | Noticed a dagger
  5578 | D:7      | Noticed a hand axe
  5583 | D:7      | Found a hide-covered altar of Uskayaw.
  5666 | D:7      | Found a glowing golden altar of the Shining One.
  5698 | D:7      | Reached skill level 13 in Unarmed Combat
  5851 | D:8      | Noticed Maurice
  5871 | D:8      | Slain by Maurice

Vault maps used:
D:1:      sevenhm_arrival_forest_fort_large_2, minmay_bisected
D:2:      corexii_shack
D:3:      lexackson_kobold_supper, uniq_robin
D:4:      wad_lake_hut, hex_tiny
D:5:      first_bread, uniq_grinder
D:6:      gammafunk_temple_overflow_wave, minmay_temple_entry_fiery,
          uniq_duvessa
D:7:      dancing_weapons_uskayaw, grunt_ogre_cave, tso_altar, uniq_joseph
D:8:      kennysheep_mini_moat, grunt_dithmenos_smoke_and_mirrors, uniq_maurice,
          uniq_prince_ribbit1
Temple:   regret_index_temple_generic_petals

Skill      XL: |  1  2  3  4  5  6  7  8  9 |
---------------+----------------------------+-----
Unarmed Combat | 4 5 6 7 9 11 13 | 13.1
Fighting       | |  3.0
Dodging        | |  3.0
Stealth        | |  2.6

Action                   |  1- 3 |  4- 6 |  7- 9 || total
-------------------------+-------+-------+-------++-------
Melee: Unarmed           |    77 |   118 |   259 ||   454
       Constrict         |    22 |    27 |    55 ||   104
       Tentacles         |    12 |    23 |    58 ||    93
       Punch             |     2 |     6 |    31 ||    39
  Use: Potion            |       |     2 |     4 ||     6
 Stab: Sleeping          |    14 |    10 |     7 ||    31
       Distracted        |       |       |     2 ||     2
  Eat: Chunk             |       |     6 |     5 ||    11
       Bread ration      |       |       |     1 ||     1
Armor: Skin              |     7 |    13 |    36 ||    56
Dodge: Dodged            |    63 |    61 |   131 ||   255
